 Dungeon Crawl Stone Soup version 0.29-a0-925-g0a7a3d12f8 (webtiles) character file.

Game seed: 4366417126153829353

131 Alarak the Magician (level 4, -3/24 HPs)
             Began as a Deep Elf Air Elementalist on July 29, 2022.
             Slain by an orc
             ... wielding a +0 hand axe
              (5 damage)
             ... on level 4 of the Dungeon.
             The game lasted 00:07:08 (3615 turns).

Alarak the Magician (Deep Elf Air Elementalist)     Turns: 3615, Time: 00:07:08

Health: -3/24      AC:  3    Str:  3 (5)  XL:     4   Next: 91%
Magic:  10/12      EV: 12    Int: 21 (22) God:
Gold:   119        SH:  0    Dex: 13 (15) Spells: 9/12 levels left

rFire   . . .      SeeInvis .   (no weapon)
rCold   . . .      Faith    .   (no shield)
rNeg    . . .      Spirit   .   a - +0 robe
rPois   .          Reflect  .   j - +0 helmet
rElec   .          Harm     .   (no cloak)
rCorr   .          Rampage  .   (no gloves)
Will    .....                   (no boots)
Stlth   ++........              (no amulet)
HPRegen 0.08/turn               (no ring)
MPRegen 0.13/turn               (no ring)

@: invisible
A: no striking features
a: no special abilities


You were on level 4 of the Dungeon.
You visited 1 branch of the dungeon, and saw 4 of its levels.

You collected 119 gold pieces.

Inventory:

Hand Weapons
 e - a +1 sling
Armour
 a - a +0 robe (worn)
 j - a +0 helmet (worn)
Scrolls
 c - 5 scrolls of enchant weapon
 d - 2 scrolls of vulnerability
 g - a scroll of teleportation
 h - a scroll of summoning {unknown}
 i - a scroll of magic mapping {unknown}
 k - a scroll of blinking {unknown}
 r - a scroll of fear {unknown}
Potions
 b - a potion of magic
 n - a potion of lignification {unknown}
 o - a potion of haste {unknown}
 p - a potion of ambrosia {unknown}
 q - a potion of curing {unknown}


   Skills:
 - Level 2.4 Dodging
 - Level 2.4 Stealth
 + Level 4.8 Spellcasting
 - Level 4.2 Conjurations
 - Level 3.0 Air Magic


You had 9 spell levels left.
You knew the following spells:

 Your Spells              Type           Power      Damage    Failure   Level
a - Shock                 Conj/Air       80%        1d8       2%          1
b - Static Discharge      Conj/Air       20%        3-6/arc   3%          2

Your spell library contained the following spells:

 Spells                   Type           Power      Damage    Failure   Level
 Swiftness                Air            17%        N/A       10%         3
 Airstrike                Air            8%         0-4+      32%         4


Dungeon Overview and Level Annotations

Branches:
Dungeon (3/15)

Altars:


Message History

2 orcs come into view.
The orc hits you with a +0 hand axe. That beam is likely to hit you.
Continue anyway? [Y]es or [N]o only, please.
That beam is likely to hit you.
Continue anyway?
Okay, then.
Unknown command.
A worm and an orc wizard come into view.
The orc hits you with a +0 hand axe.
The orc shouts!
Casting: Shock (safe; 2% risk of failure)
Confirm with . or Enter, or press ? or * to list all spells.
The orc is struck by an arc of lightning.
The orc is heavily wounded.
You are struck by an arc of lightning.
The orc is struck by an arc of lightning.
The orc is almost dead.
The lightning grounds out.
The orc is struck by an arc of lightning.
The orc is almost dead.
You are struck by an arc of lightning.
* * * LOW HITPOINT WARNING * * *
The orc is struck by an arc of lightning.
You kill the orc!
You are struck by an arc of lightning.
* * * LOW HITPOINT WARNING * * *
The lightning grounds out.
The orc wizard shouts!
You hear a shout!
The orc hits you with a +0 hand axe.
* * * LOW HITPOINT WARNING * * *
It was a potion of degeneration.
There was something very wrong with that liquid.
You feel weakened.
You feel dopey.
You feel clumsy. The orc barely misses you.
It was a potion of invisibility.
You fade into invisibility!
The orc wizard hits you but does no damage.
The orc misses you. The orc hits you with a +0 hand axe.
You die...

.....#..........##
.......###..#..##
.......#....##....
...................
........###.......#
.........##.....#..
..>.........##..##.
...........## #..#
..........@.# ...
#........o.##
.....###.#.o...#
..### ###...###
...... .w#....
..##.###.# .. ## .
...


You could see a worm (unable to see you), an orc wizard (unable to see you) and
an orc (unable to see you).

Vanquished Creatures
  Natasha (D:4)
  2 adders (D:3)
  A shadow imp (D:3)
  6 orcs
  6 ball pythons
  A bat (D:2)
  6 endoplasms
  3 giant cockroaches
  7 hobgoblins
  7 jackals (D:3)
  4 kobolds
  3 quokkas
  4 frilled lizards
  8 goblins
  5 rats
64 creatures vanquished.

Notes
Turn   | Place    | Note
-------+----------+-------------------------------------------
     0 | D:1      | Alarak the Deep Elf Air Elementalist began the quest for
                  | the Orb.
     0 | D:1      | Reached XP level 1. HP: 10/10 MP: 6/6
   250 | D:1      | Reached XP level 2. HP: 14/15 MP: 4/8
  1275 | D:2      | Learned a level 2 spell: Static Discharge
  1352 | D:2      | Found a faded altar of an unknown god.
  1371 | D:2      | Reached XP level 3. HP: 19/19 MP: 7/9
  2542 | D:3      | Reached XP level 4. HP: 19/24 MP: 5/10
  3342 | D:3      | You fall into a shaft and drop 1 floor!
  3398 | D:4      | Noticed Natasha
  3404 | D:4      | Killed Natasha
  3615 | D:4      | Slain by an orc

Illustrated notes

Levels and vault maps discovered:
D:1:      onia_arrival_mini_maze, layout_loops_cross
D:2:      layout_basic, ebering_ecumenical_altar_abandoned,
          hangedman_decor_growths
D:3:      layout_basic, serial_park_tiny_2, kennysheep_generic_room_12
D:4:      layout_cave_pools, minmay_misc_feat_four_crosses, uniq_natasha

Skill      XL: |  1  2  3  4 |
---------------+-------------+-----
Conjurations   | 2 3 4 |  4.2
Spellcasting   | 4 |  4.8
Dodging        | |  2.4
Stealth        | |  2.4
Air Magic      | |  3.0

Action                   |  1- 3 |  4- 6 || total
-------------------------+-------+-------++-------
Melee: Unarmed           |     4 |     3 ||     7
 Cast: Shock             |    67 |    39 ||   106
       Static Discharge  |     6 |     6 ||    12
  Use: Scroll            |       |     4 ||     4
       Potion            |       |     2 ||     2
Armor: Robe              |       |     5 ||     5
Dodge: Dodged            |    11 |     7 ||    18

Table legend: (Time is in decaauts)
 A = Elapsed time spent in this place.
 B = Non-inter-level travel time spent in this place.
 C = Inter-level travel time spent in this place.
 D = Time resting spent in this place.
 E = Time spent auto-exploring this place.
 F = Levels seen in this place.
 G = Mean time per level.
                   A        B        C        D        E       F      G
               +--------+--------+--------+--------+--------+-----+--------+
         Total |   3614 |   3489 |    125 |    771 |   2441 |   4 |  903.5 |
       Dungeon |   3614 |   3489 |    125 |    771 |   2441 |   4 |  903.5 |
               +--------+--------+--------+--------+--------+-----+--------+

Top non-repeatable levels by time:
     D:1: 1235 daAuts
     D:2: 1055 daAuts
     D:3: 1050 daAuts
     D:4: 272 daAuts
